 Dungeon Crawl Stone Soup version 0.30-a0-948-g4fa250aae5 (webtiles) character file.

Game seed: 17821488739872015669

47 ZeroWinrate the Sneak (level 3, 0/26 HPs)
             Began as an Octopode Delver on Mar 26, 2023.
             Succumbed to an adder's poison
             ... on level 3 of the Dungeon.
             The game lasted 00:02:23 (742 turns).

ZeroWinrate the Sneak (Octopode Delver)              Turns: 742, Time: 00:02:23

Health: 0/26       AC:  1    Str: 11    XL:     3   Next: 70%
Magic:  3/3        EV: 13    Int: 14    God:
Gold:   20         SH:  0    Dex: 13    Spells: 2/2 levels left

rFire   . . .      SeeInvis .    a - +0 spear
rCold   . . .      Faith    .    (no shield)
rNeg    . . .      Spirit   .    (helmet restricted)
rPois   .          Reflect  .    (no amulet)
rElec   .          Rampage  .    (no ring)
rCorr   .                        (no ring)
Will    .....                    (no ring)
Stlth   ++++                     (no ring)
HPRegen 0.24/turn                (no ring)
MPRegen 0.08/turn                (no ring)
                                 (no ring)
                                 (no ring)

@: brilliant, lethally poisoned (0 -> -3), hasted, very quick
A: almost no armour, amphibious, 8 rings, camouflage 1, gelatinous body 1,
(nimble swimmer 1), tentacles
a: no special abilities


You were on level 3 of the Dungeon.
You visited 1 branch of the dungeon, and saw 3 of its levels.

You collected 20 gold pieces.

Inventory:

Hand Weapons
 a - a +0 spear (weapon)
Wands
 f - a wand of digging (3)
Scrolls
 b - a scroll of fog
 c - a scroll of magic mapping
 j - a scroll of enchant armour


   Skills:
 + Level 3.4 Fighting
 + Level 2.5 Polearms
 + Level 2.5 Dodging
 - Level 7.0 Stealth
 + Level 0.2 Spellcasting


You had 2 spell levels left.
You didn't know any spells.
Your spell library was empty.

Dungeon Overview and Level Annotations

Branches:
Dungeon (5/15)
 Temple: D:4-7

Altars:
Zin

Shops:
D:4 *


Innate Abilities, Weirdness & Mutations

You cannot wear most types of armour.
You are amphibious.
You can wear up to eight rings at the same time.
Your skin changes colour to match your surroundings (Stealth+).
Your rubbery body absorbs attacks. (AC +1, EV +1)
((You are camouflaged when in or above water. (Stealth+)))
You have tentacles for arms and can constrict up to eight enemies at once.


Message History

You feel yourself speed up.
You feel sick. The adder bites you. The adder closely misses you.
Unknown command.
Unknown command.
You barely miss the adder. Your grab misses the adder.
The adder is moderately wounded.
You feel sick.
An orc comes into view.
It is wielding a +0 flail of holy wrath.
The adder bites you.
* * * LOW HITPOINT WARNING * * *
You are lethally poisoned!
The adder poisons you!
* * * LOW HITPOINT WARNING * * *
You feel sick.
You see here a +0 club.
Unknown command.
A frilled lizard comes into view.
* * * LOW HITPOINT WARNING * * *
You feel sick.
Unknown command.
It was a potion of brilliance.
You feel clever all of a sudden.
* * * LOW HITPOINT WARNING * * *
You feel sick.
Unknown command.
Unknown command.
As you read the scroll of fear, it crumbles to dust.
You assume a fearsome visage.
The orc looks frightened!
The orc shouts!
The adder looks frightened!
* * * LOW HITPOINT WARNING * * *
You feel sick.
You aren't carrying any potions.
As you read the scroll labelled SESA MI ECSI, it crumbles to dust.
You feel a surge of unholy energy.
The adder convulses!
The orc convulses!
It was a scroll of torment.
As you read the scroll labelled DUNYOD BOHODOT, it crumbles to dust.
It is a scroll of identify.
j - a scroll of enchant armour You die...

. ....# .. o... #..###..##
#........ ........#
#.###†S#####.#
#............# ##
#####.)###############.
######.@#............##. #
##...............#####.##.
.#..................#
#.##. #
#.##.#####......##..#
#.##. ###. #.##.#
####.#.##..####.##. .#.#
#.##.# #.#.##.....<....
#..# #.##.#
#.#.##.......... #..#
#.##.## #.#.###.####.###
#..###.##..# #.#.# #..
......


You could see an adder (fleeing) and an orc (fleeing).

Vanquished Creatures
  3 adders
  A worm (D:3)
  4 orcs (D:3)
  A ball python (D:3)
  2 endoplasms
  A hobgoblin (D:3)
  A bat (D:3)
  A kobold (D:3)
  2 rats (D:3)
16 creatures vanquished.

Notes
Turn   | Place    | Note
-------+----------+-------------------------------------------
     0 | D:5      | ZeroWinrate the Octopode Delver began the quest for the
                  | Orb.
     0 | D:5      | Reached XP level 1. HP: 16/16 MP: 1/1
    11 | D:4      | Found Pyexe's Assorted Antiques.
    16 | D:4      | Found a glowing silver altar of Zin.
   150 | D:4      | Noticed an iguana
   177 | D:4      | Reached XP level 2. HP: 21/21 MP: 2/2
   203 | D:4      | Noticed an ogre
   279 | D:3      | Reached XP level 3. HP: 18/26 MP: 3/3
   597 | D:3      | Reached skill level 7 in Stealth
   740 | D:3      | HP: 1/26 [poisoned by an adder]
   742 | D:3      | Succumbed to an adder's poison

Illustrated notes

Levels and vault maps discovered:
D:3:      layout_loops_ring
D:4:      layout_basic, mainiacjoe_overflow_alcove_1, serial_shops,
          nicolae_stop_n_shop_1
D:5:      layout_rooms, temple_pool_b, uniq_grinder, uniq_sigmund

Skill      XL: |  1  2  3 |
---------------+----------+-----
Stealth        | 7 |  7.0
Fighting       | |  3.4
Polearms       | |  2.5
Dodging        | |  2.5
Spellcasting   | |  0.2

Action                     || total
---------------------------++-------
  Melee: Spear             ||    55
         Constrict         ||    10
         Tentacles         ||     6
         Punch             ||     1
    Use: Scroll            ||     3
         Potion            ||     2
   Stab: Sleeping          ||     3
 Armour: Skin              ||     2
  Dodge: Dodged            ||    19

Table legend: (Time is in decaauts)
 A = Elapsed time spent in this place.
 B = Non-inter-level travel time spent in this place.
 C = Inter-level travel time spent in this place.
 D = Time resting spent in this place.
 E = Time spent auto-exploring this place.
 F = Levels seen in this place.
 G = Mean time per level.
                   A        B        C        D        E       F      G
               +--------+--------+--------+--------+--------+-----+--------+
         Total |    738 |    738 |      0 |    160 |    347 |   3 |  246.0 |
       Dungeon |    738 |    738 |      0 |    160 |    347 |   3 |  246.0 |
               +--------+--------+--------+--------+--------+-----+--------+

Top non-repeatable levels by time:
     D:3: 496 daAuts
     D:4: 230 daAuts
     D:5: 11 daAuts
